 Dungeon Crawl Stone Soup version 0.27-a0-1319-geec4fb4e21 (webtiles) character file.

Game seed: 3052580967644141246

114 Shayle the Sneak (level 4, -3/33 HPs)
             Began as a Demonspawn Enchanter on June 21, 2021.
             Slain by an iguana (4 damage)
             ... on level 2 of the Dungeon.
             The game lasted 00:13:25 (3971 turns).

Shayle the Sneak (Demonspawn Enchanter)             Turns: 3971, Time: 00:13:25

Health: -3/33      AC:  4    Str:  8    XL:     4   Next: 67%
Magic:  0/7        EV: 12    Int: 17    God:
Gold:   78         SH:  0    Dex: 14    Spells: 4/7 levels left

rFire    . . .     SeeInvis .   a - +2 dagger
rCold    . . .     Faith    .   (no shield)
rNeg     . . .     Spirit   .   b - +0 robe
rPois    .         Reflect  .   (helmet restricted)
rElec    .         Harm     .   g - +1 cloak
rCorr    +         Rampage  .   (no gloves)
Will     .....                  (no boots)
Stlth    +++.......             (no amulet)
HPRegen  0.11/turn              c - ring of resist corrosion
MPRegen  0.10/turn              (no ring)

@: no status effects
A: antennae 2, powered by death 1
a: no special abilities


You were on level 2 of the Dungeon.
You visited 1 branch of the dungeon, and saw 3 of its levels.

You collected 78 gold pieces.

Inventory:

Hand Weapons
 a - a +2 dagger (weapon)
Armour
 b - a +0 robe (worn)
 g - a +1 cloak (worn)
Jewellery
 c - a ring of resist corrosion (left hand)


   Skills:
 + Level 1.9 Fighting
 - Level 0.8 Short Blades
 + Level 2.7 Dodging
 * Level 4.2 Stealth
 - Level 2.0 Spellcasting
 - Level 3.0 Hexes
 + Level 0.0 Ice Magic


You had 4 spell levels left.
You knew the following spells:

 Your Spells              Type           Power      Damage    Failure   Level
a - Corona                Hex            12%        N/A       5%          1
b - Ensorcelled Hibernat  Hex/Ice        12%        N/A       16%         2

Your spell library contained the following spells:

 Spells                   Type           Power      Damage    Failure   Level
 Confusing Touch          Hex            11%        N/A       17%         3
 Tukima's Dance           Hex            11%        N/A       17%         3
 Dazzling Flash           Conj/Hex       12%        N/A       30%         3


Dungeon Overview and Level Annotations

Branches:
Dungeon (3/15)

Altars:


Innate Abilities, Weirdness & Mutations

You have a pair of antennae on your head.
You regenerate a little health from kills.


Message History

Casting: Ensorcelled Hibernation (safe; 16% risk of failure)
Confirm with . or Enter, or press ? or * to list all spells.
Aiming: Ensorcelled Hibernation (safe; 16% risk of failure)
Press: ? - help, Shift-Dir - straight line, f - iguana
Aim: an iguana (chance to affect: 47%)
The iguana resists with some effort.
The iguana barely misses you.
The iguana hisses menacingly.
Casting: Ensorcelled Hibernation (safe; 16% risk of failure)
Confirm with . or Enter, or press ? or * to list all spells.
Aiming: Ensorcelled Hibernation (safe; 16% risk of failure)
Press: ? - help, Shift-Dir - straight line, f/p - iguana
Aim: an iguana (chance to affect: 47%)
The iguana looks drowsy...
The helpless iguana fails to defend itself.
You puncture the iguana!
The iguana is severely wounded.
The iguana bites you!
You completely miss the iguana.
The iguana is severely wounded.
The iguana barely misses you.
You hit the iguana but do no damage.
The iguana is severely wounded.
The iguana barely misses you.
You aren't carrying any potions.
You barely miss the iguana.
The iguana is severely wounded.
The iguana bites you.
* * * LOW HITPOINT WARNING * * *
You barely miss the iguana.
The iguana is severely wounded.
The iguana bites you.
* * * LOW HITPOINT WARNING * * *
You hit the iguana.
The iguana is almost dead.
The iguana bites you.
* * * LOW HITPOINT WARNING * * *
You hit the iguana but do no damage.
The iguana is almost dead.
The iguana bites you.
You die...

######### #.......#
####################.......#
..##.......................#
..##.......................#
...........................#
.##........................#
...............l@..........#
.###.......................#
.###.......................#
.##........................#
.##...........#..##........#
.......###..........##.....#
....##.....................#
...#######..........#.##...#
#..# #####..#####.##...#


You could see an iguana.

Vanquished Creatures
  3 adders
  A dart slug (D:1)
  4 orcs
  4 endoplasms
  2 giant cockroaches (D:1)
  2 goblins (D:1)
  6 hobgoblins
  20 jackals
  5 kobolds
  4 quokkas
  8 ball pythons
  6 bats
  7 frilled lizards
  A rat (D:1)
73 creatures vanquished.

Notes
Turn   | Place    | Note
-------+----------+-------------------------------------------
     0 | D:1      | Shayle the Demonspawn Enchanter began the quest for the
                  | Orb.
     0 | D:1      | Reached XP level 1. HP: 13/13 MP: 3/3
   449 | D:1      | Reached skill level 3 in Stealth
   682 | D:1      | Gained mutation: You regenerate a little health from kills.
                  | [demonic ancestry]
   682 | D:1      | Reached XP level 2. HP: 16/20 MP: 5/5
   698 | D:1      | Learned a level 2 spell: Ensorcelled Hibernation
  1507 | D:1      | Reached skill level 1 in Fighting
  1601 | D:1      | Gained mutation: You have a pair of small antennae on your
                  | head. [demonic ancestry]
  1601 | D:1      | Reached XP level 3. HP: 22/26 MP: 2/6
  2670 | D:2      | Gained mutation: You have a pair of antennae on your head.
                  | [demonic ancestry]
  2670 | D:2      | Reached XP level 4. HP: 24/32 MP: 7/7
  3101 | D:2      | Reached skill level 4 in Stealth
  3970 | D:2      | HP: 1/33 [iguana (2)]
  3971 | D:2      | Slain by an iguana

Illustrated notes

Levels and vault maps discovered:
D:1:      scummos_arrival_hexagon, layout_basic
D:2:      layout_rooms, hangedman_feature_mirror
D:3:      layout_basic, serial_shops, shop, hex_medium, grunt_ministairs_2,
          minmay_statues_item, minmay_randomly_rotated_circles

Skill      XL: |  1  2  3  4 |
---------------+-------------+-----
Stealth        | 3 4 |  4.2
Dodging        | 2 |  2.7
Fighting       | 1 |  1.9
Short Blades   | |  0.8
Spellcasting   | |  2.0
Hexes          | |  3.0

Action                   |  1- 3 |  4- 6 || total
-------------------------+-------+-------++-------
Melee: Dagger            |   209 |   104 ||   313
 Cast: Corona            |     1 |       ||     1
       Ensorcelled Hiber |    15 |    25 ||    40
  Use: Scroll            |     1 |     5 ||     6
 Stab: Distracted        |     1 |       ||     1
       Sleeping          |    12 |    16 ||    28
Armor: Robe              |    50 |    32 ||    82
Dodge: Dodged            |   158 |   113 ||   271

Table legend: (Time is in decaauts)
 A = Elapsed time spent in this place.
 B = Non-inter-level travel time spent in this place.
 C = Inter-level travel time spent in this place.
 D = Time resting spent in this place.
 E = Time spent auto-exploring this place.
 F = Levels seen in this place.
 G = Mean time per level.
                   A        B        C        D        E       F      G
               +--------+--------+--------+--------+--------+-----+--------+
         Total |   3960 |   3922 |     38 |   1723 |   1203 |   3 | 1320.0 |
       Dungeon |   3960 |   3922 |     38 |   1723 |   1203 |   3 | 1320.0 |
               +--------+--------+--------+--------+--------+-----+--------+

Top non-repeatable levels by time:
     D:1: 2198 daAuts
     D:2: 1134 daAuts
     D:3: 628 daAuts
